AoeStats
← saate

Arabia

510317091Analyzed
1v1 RM · 2d ago on Sep 30, 2026· 31m 54s· 2 players
Game mode
Random Map
Map size
Tiny (2 player)
Population
200
Speed
Normal
Resources
Standard
Victory
Conquest
Starting age
Dark Age
Ending age
Imperial Age
RankedLock teamsTeams togetherTeam positionsShared explorationLock speedFull tech treeHidden civsTurbo modeCheats
Victory
Defeat
🇦🇷 Byzantines · Argentina
806
+15
🇮🇩 Mongols · Indonesia
794
-15
saate
7:50 Loom
10:08 Feudal Age
11:06 Horse Collar
20:22 Castle Age
28:56 Scale Barding Armor
Goymallen Triple Blanco
0:35 Loom
11:39 Feudal Age
12:05 Double-Bit Axe
12:18 Horse Collar
12:40 Gold Mining
12:47 Stone Mining
17:47 Forging
18:15 Scale Mail Armor
22:47 Castle Age
22:25 Wheelbarrow
21:58 Scale Barding Armor
21:50 Stone Mining
24:14 Iron Casting
24:06 Chain Barding Armor
25:38 Husbandry
29:11 Bow Saw
29:34 Heavy Plow
30:22 Hand Cart
Connection lost

Rejoining the realm…

Still unreachable

The connection could not be restored.

Session expired

The server has moved on; the page needs a fresh start.